 Dungeon Crawl Stone Soup version 0.17-a0-18-gc25b939 (webtiles) character file.

79 BluebellGnoll the Firebug (level 4, -6/40 HPs)
             Began as an Octopode Fire Elementalist on Mar 10, 2015.
             Was an Initiate of Sif Muna.
             Mangled by cribozai's ghost (9 damage)
             ... on level 3 of the Dungeon.
             The game lasted 00:10:47 (3187 turns).

BluebellGnoll the Firebug (OpFE)                    Turns: 3187, Time: 00:10:47

Health: -6/40      AC:  1    Str: 12    XL:     4   Next: 37%
Magic:  3/9        EV: 12    Int: 18    God:    Sif Muna [......]
Gold:   104        SH:  0    Dex: 12    Spells: 4 memorised, 0 levels left

rFire  . . .     SeeInvis .     f - +0 dagger
rCold  . . .     Clarity  .     (no shield)
rNeg   + . .     SustAb   .     (helmet restricted)
rPois  .         Gourm    .     l - amulet of rage
rElec  .         Spirit   .     p - ring of positive energy
rCorr  .         Warding  .     (no ring)
rMut   .         Stasis   .     (no ring)
MR     .....                    (no ring)
Stlth  ..........               (no ring)
                                (no ring)
                                (no ring)
                                (no ring)

@: berserking, very quick, not resistant to hostile enchantments, extremely
unstealthy
A: almost no armour, amphibious, 8 rings, constrict 8, camouflage 1, gelatinous
body 1
a: Renounce Religion, Evoke Berserk Rage


You were on level 3 of the Dungeon.
You worshipped Sif Muna.
Sif Muna was noncommittal.
You were not hungry.

You visited 1 branch of the dungeon, and saw 3 of its levels.

You collected 104 gold pieces.

Inventory:

Hand weapons
 f - a +0 dagger (weapon)
Missiles
 i - 3 stones (quivered)
 m - 20 poisoned needles
 q - 3 javelins
Jewellery
 l - an amulet of rage (around mantle)
 p - a ring of positive energy (left tentacle)
Scrolls
 d - a scroll of teleportation
 j - 2 scrolls of remove curse
 k - a scroll of identify {unknown}
Potions
 g - 2 potions of curing {unknown}
 h - 2 potions of brilliance {unknown}
 o - a potion of heal wounds {unknown}
Books
 b - a book of Flames

   Spells                             Type                      Level
   a - Flame Tongue                   Conjuration/Fire             1
   b - Throw Flame                    Conjuration/Fire             2
   c - Conjure Flame                  Conjuration/Fire             3
   d - Inner Flame                    Hexes/Fire                   3
   e - Sticky Flame                   Conjuration/Fire             4
   f - Fireball                       Conjuration/Fire             5
Comestibles
 a - a slice of pizza
 c - 2 bread rations


   Skills:
 - Level 2.0 Dodging
 - Level 2.6 Stealth
 - Level 3.3 Spellcasting
 * Level 1.8 Conjurations
 + Level 3.6 Fire Magic


You couldn't memorise any spells.
You knew the following spells:

 Your Spells              Type           Power        Failure   Level  Hunger
a - Flame Tongue          Conj/Fire      ##...        6%          1    None
b - Throw Flame           Conj/Fire      ##....       10%         2    ##.....
c - Conjure Flame         Conj/Fire      ##......     17%         3    ###....
d - Inner Flame           Hex/Fire       #.......     24%         3    ###....


Dungeon Overview and Level Annotations

Branches:
Dungeon (3/15)

Altars:
Ashenzari
Kikubaaqudgha
Sif Muna

Annotations:
D:3 cribozai's ghost, average TeAE


Innate Abilities, Weirdness & Mutations

You cannot wear most types of armour.
You are amphibious.
You can wear up to eight rings at the same time.
You can use your tentacles to constrict many enemies at once.
Your skin changes colour to match your surroundings (Stealth).
Your rubbery body absorbs attacks (AC +1).


Message History

Cribozai's ghost is lightly damaged.
The quokka bites you.
You hit cribozai's ghost but do no damage.
Cribozai's ghost is lightly damaged.
Cribozai's ghost hits you.
* * * LOW HITPOINT WARNING * * *
The quokka closely misses you.
You hit cribozai's ghost but do no damage.
You squeeze cribozai's ghost!
Cribozai's ghost is severely damaged.
Cribozai's ghost hits you!
* * * LOW HITPOINT WARNING * * *
You barely miss cribozai's ghost.
Cribozai's ghost is severely damaged.
The quokka bites you.
* * * LOW HITPOINT WARNING * * *
You completely miss cribozai's ghost.
Cribozai's ghost is severely damaged.
Cribozai's ghost hits you!
You die...

#..).....+
###.#.†.####
#........# #<#.####.#
. #.#.# #.# ..# #.#.#
#.# .... #.#.. #.#
..... . #.##.
#.####.....#.[# #.# .#
#..@r.........#
#........W###.#...##.#
##.....##.## ...... ..
..... ... . #...# r#
.... ##.###. #..# W#
... #.# #.##..##§# #
#.###........#
#.........####
########.##


You could see cribozai's ghost and a quokka.

Vanquished Creatures
  2 adders (D:2)
  A worm (D:2)
  9 bats
  6 giant cockroaches (D:1)
  8 hobgoblins
  2 kobolds
  A quokka (D:2)
  4 giant newts
  7 goblins
  7 jackals
  9 rats
56 creatures vanquished.

Notes
Turn   | Place    | Note
--------------------------------------------------------------
     0 | D:1      | BluebellGnoll, the Octopode Fire Elementalist, began the quest for the Orb.
     0 | D:1      | Reached XP level 1. HP: 11/11 MP: 3/3
   409 | D:1      | Reached XP level 2. HP: 17/17 MP: 3/5
   882 | D:1      | Reached XP level 3. HP: 19/21 MP: 1/8
  1163 | D:1      | Learned a level 2 spell: Throw Flame
  1167 | D:1      | Learned a level 3 spell: Conjure Flame
  1968 | D:2      | Found a deep blue altar of Sif Muna.
  1975 | D:2      | Reached XP level 4. HP: 27/27 MP: 0/9
  1981 | D:2      | Learned a level 3 spell: Inner Flame
  2160 | D:2      | Found an ancient bone altar of Kikubaaqudgha.
  2164 | D:2      | Found a shattered altar of Ashenzari.
  2170 | D:2      | Became a worshipper of Sif Muna the Loreminder
  2644 | D:3      | Noticed cribozai's ghost (average TeAE)
  3187 | D:3      | Mangled by cribozai's ghost

Action                   |  1- 3 |  4- 6 || total
-------------------------+-------+-------++-------
Melee: Unarmed           |     9 |       ||     9
       Dagger            |    53 |    20 ||    73
Throw: Stone             |       |     1 ||     1
 Cast: Flame Tongue      |    42 |    24 ||    66
       Throw Flame       |     1 |     7 ||     8
       Conjure Flame     |     1 |     1 ||     2
 Abil: Evoke Berserk Rag |       |     1 ||     1
  Use: Scroll            |       |     3 ||     3
 Stab: Sleeping          |     4 |     1 ||     5
  Eat: Chunk             |     3 |     3 ||     6
       Beef jerky        |       |     1 ||     1
